 Dungeon Crawl Stone Soup version 0.25.1-2-g60ff931 (webtiles) character file.

Game seed: 11265526942179520681

659 ubername the Slinger (level 7, -4/46 HPs)
             Began as a Halfling Hunter on Sept 23, 2020.
             Slain by a centaur (9 damage)
             ... on level 4 of the Dungeon.
             The game lasted 00:16:48 (4649 turns).

ubername the Slinger (Halfling Hunter)              Turns: 4649, Time: 00:16:49

Health: -4/46      AC:  5    Str: 13    XL:     7   Next: 86%
Magic:  7/7        EV: 13    Int:  9    God:
Gold:   170        SH:  0    Dex: 17    Spells: 6/6 levels left

rFire    x . .     SeeInvis .   b - +1 dagger (venom)
rCold    + + .     Gourm    .   (shield restricted)
rNeg     . . .     Faith    .   c - +1 leather armour
rPois    .         Spirit   .   v - +0 helmet
rElec    .         Reflect  .   (no cloak)
rCorr    .         Harm     .   (no gloves)
MR       .....                  (no boots)
Stlth    ++........             k - amulet of regeneration
HPRegen  0.55/turn              j - ring of ice
MPRegen  0.10/turn              z - ring of protection from cold

@: constricted
A: small, mutation resistance 1
a: no special abilities


You were on level 4 of the Dungeon.
You were not hungry.

You visited 1 branch of the dungeon, and saw 5 of its levels.

You collected 170 gold pieces.

Inventory:

Hand Weapons
 a - a +1 hunting sling
 b - a +1 dagger of venom (weapon)
 g - a +0 short sword
 q - a +2 dagger of venom
Missiles
 e - 173 stones
 o - 9 boomerangs
 s - 3 sling bullets
 u - 20 poisoned darts (quivered)
Armour
 c - a +1 leather armour (worn)
 v - a +0 helmet (worn)
Jewellery
 j - a ring of ice (left hand)
 k - an amulet of regeneration (around neck)
 n - an uncursed amulet of guardian spirit
 w - an uncursed ring of flight
 x - an uncursed ring of see invisible
 z - a ring of protection from cold (right hand)
Scrolls
 h - a scroll of enchant armour
 l - a scroll of remove curse
 p - a scroll of blinking
 r - 2 scrolls of amnesia
 t - 4 scrolls of teleportation
 y - a scroll of enchant weapon
Potions
 m - a potion of mutation {unknown}
Comestibles
 f - 8 rations


   Skills:
 + Level 3.0 Fighting
 + Level 3.5 Short Blades
 + Level 8.8(8.9) Slings
 + Level 0.8(3.9) Throwing
 + Level 3.0 Armour
 + Level 4.0 Dodging
 + Level 2.3 Stealth


You had 6 spell levels left.
You didn't know any spells.
Your spell library was empty.

Dungeon Overview and Level Annotations

Branches:
Dungeon (5/15)
 Temple: D:4-7

Altars:
Dithmenos
Gozag
Okawaru
Yredelemnul

Annotations:
D:5 Menkaure


Innate Abilities, Weirdness & Mutations

You are small and have problems with some larger weapons.
You are somewhat resistant to further mutation.


Message History

You climb upwards.
There is a stone staircase leading down here.
You closely miss the ball python. The centaur hits you!
* * * LOW HITPOINT WARNING * * *
You closely miss the ball python. The ball python misses you.
The ball python grabs you. The ball python constricts you.
The centaur closely misses you.
You hit the centaur but do no damage.
The centaur looks even sicker.
The centaur is moderately wounded.
The centaur hits you but does no damage.
The ball python misses you. The ball python constricts you.
You hit the centaur.
The centaur is heavily wounded.
The centaur misses you. The ball python misses you.
The ball python constricts you. The centaur misses you.
You closely miss the centaur.
The centaur is heavily wounded.
The ball python barely misses you. The ball python constricts you.
The centaur hits you!
You die...

#........##.........
#.##..##.###...[...#
#.##.###.# ##.....##
#.##.###.# ##.).##
#.##..##.# ##)##
#.###.##.# #.#
#.#......# #.#
#.#S#.##.# ##.##
#..@.....# ##...##
###c#.##.####.....#
#.#......###...##
#.####.#.####.####
#.# #.#..........
#.####.######.####
#......# #.#
######## #.# #.#


You could see a centaur (very poisoned) and a ball python.

Vanquished Creatures
  2 ogres (D:4)
  A centaur (D:4)
  2 orc priests
  3 orc wizards
  An iguana (D:4)
  4 worker ants (D:4)
  A hound skeleton (D:4)
  Robin (D:4)
  An adder (D:3)
  2 oozes
  3 worms
  4 dart slugs
  2 leopard geckos
  15 orcs
  A ball python (D:3)
  3 giant cockroaches
  13 goblins
  5 hobgoblins
  3 jackals (D:4)
  6 bats
  5 frilled lizards
  A jackal skeleton (D:4)
  10 kobolds
  A leopard gecko skeleton (D:4)
  4 rats
94 creatures vanquished.

Notes
Turn   | Place    | Note
-------+----------+-------------------------------------------
     0 | D:1      | ubername the Halfling Hunter began the quest for the Orb.
     0 | D:1      | Reached XP level 1. HP: 14/14 MP: 1/1
    48 | D:1      | Reached skill level 6 in Slings
   171 | D:1      | Reached XP level 2. HP: 19/19 MP: 2/2
   488 | D:1      | Reached XP level 3. HP: 24/24 MP: 3/3
   546 | D:1      | Reached skill level 7 in Slings
  1480 | D:3      | Reached XP level 4. HP: 28/29 MP: 4/4
  1688 | D:2      | Reached skill level 1 in Armour
  1836 | D:2      | Reached XP level 5. HP: 22/34 MP: 2/5
  2306 | D:3      | Reached skill level 8 in Slings
  2313 | D:3      | Reached skill level 1 in Short Blades
  2594 | D:3      | Found a shadowy altar of Dithmenos.
  2740 | D:4      | Reached XP level 6. HP: 32/41 MP: 6/6
  2876 | D:4      | Noticed an ogre
  2962 | D:4      | Killed an ogre
  3094 | D:4      | Noticed Robin
  3216 | D:4      | Noticed an ogre
  3229 | D:4      | Killed an ogre
  3229 | D:4      | Reached XP level 7. HP: 45/45 MP: 7/7
  3517 | D:4      | Found a basalt altar of Yredelemnul.
  3517 | D:4      | Found an iron altar of Okawaru.
  3531 | D:4      | Found an opulent altar of Gozag.
  4099 | D:4      | Killed Robin
  4556 | D:5      | Entered Level 5 of the Dungeon
  4556 | D:5      | Noticed Menkaure
  4649 | D:4      | Slain by a centaur

Illustrated notes

Levels and vault maps discovered:
D:1:      sevenhm_arrival_forest_fort_small_4, layout_loops_cross
D:2:      layout_loops_ring
D:3:      layout_basic, first_ration, nicolae_dithmenos_through_a_glass_darkly
D:4:      layout_loops_corners, grunt_gozag_breadcrumbs,
          chequers_temple_overflow_statue_of_worship, uniq_robin
D:5:      layout_rooms, marbit_many_paths, nicolae_ossuary_entry_plus,
          serial_co_window_serial, co_window_corner_a, co_window_paths_a,
          co_window_paths_a, co_window_paths_a, co_window_corner_a,
          co_window_cross_3, co_window_paths_c, co_window_of_opportunity_c,
          co_window_cross_4, co_window_4corner_a, glass_columns_a,
          glass_columns_a, kennysheep_small_square, uniq_menkaure

Skill      XL: |  1  2  3  4  5  6  7 |
---------------+----------------------+-----
Slings         | 6 7 8 |  8.8
Fighting       | 2 3 |  3.0
Armour         | 1 2 3 |  3.0
Short Blades   | 1 2 3 |  3.5
Dodging        | 3 4 |  4.0
Stealth        | 2 |  2.3
Throwing       | |  0.8

Action                   |  1- 3 |  4- 6 |  7- 9 || total
-------------------------+-------+-------+-------++-------
Melee: Short sword       |     1 |       |       ||     1
       Dagger            |    12 |   136 |    76 ||   224
 Fire: Hunting sling     |    75 |    24 |     4 ||   103
Throw: Dart              |       |       |    32 ||    32
  Use: Scroll            |     5 |     4 |     3 ||    12
       Potion            |     2 |     5 |       ||     7
 Stab: Distracted        |       |     1 |     2 ||     3
       Sleeping          |       |     1 |       ||     1
  Eat: Chunk             |     2 |     3 |     3 ||     8
       Ration            |       |     1 |       ||     1
Armor: Leather armour    |     7 |    34 |    14 ||    55
Dodge: Dodged            |    22 |   118 |    76 ||   216
